Map: Lueur nocturne EC

Players

IA (très facile)

  • Race: Zerg Zerg
  • Spawn Location: 5:00

WipeR - Winner!

  • Race: Terran Terran
  • League: Platinum
  • Spawn Location: 11:00

VOD

Have the link to the VOD?

Description

Time

  • Played on: Jan. 1, 2021, 3:36 p.m.
  • Length: 8:04
Show
View Real Time Build Order
Export as new Build Order

IA (très facile) Zerg 

Build Orders: Pool First 

Get SALT Encoding   

  12  0:00  Drone  
  13  0:12  Overlord  
  13  0:16  Drone  
  14  0:36  Spawning Pool  
  14  0:37  Extractor  
  14  0:38  Drone  
  13  0:45  Drone  
  14  0:51  Overlord  
  14  1:23  Zergling x2  
  14  1:25  Queen  
  17  1:30  Roach Warren  
  17  1:31  Drone  
  17  1:37  Zergling x2  
  18  1:44  Drone  
  19  1:51  Zergling x2  
  20  1:55  Drone  
  21  2:06  Drone  
  22  2:16  Drone  
  23  2:27  Drone  
  24  2:31  Overlord  
  24  2:34  Drone  
  25  5:05  Roach, Drone  
  25  5:06  Extractor, Lair  
  27  5:12  Drone  
  28  5:19  Drone  
  28  5:21  Overlord  
  29  5:27  Drone  
  30  5:34  Drone  
  31  5:36  Roach  
  31  5:41  Drone  
  31  5:48  Drone  
  32  6:06  Overseer x2  
  32  6:07  Zergling x2  
  33  6:22  Hatchery  
  32  7:03  Zergling x2  
  27  7:33  Roach  
  27  7:37  Overlord  
  27  7:40  Drone  
  27  7:43  Overlord  
  24  7:47  Drone  
Show
View Real Time Build Order
Export as new Build Order

WipeR Terran - Winner!

Build Orders: Liberator Opening, Reaper Expand 

Get SALT Encoding   

  12  0:00  SCV  
  13  0:12  SCV  
  14  0:17  Supply Depot  
  14  0:24  SCV  
  15  0:39  SCV  
  15  0:40  Barracks  
  16  0:44  Refinery  
  16  0:51  SCV  
  17  1:03  SCV  
  18  1:15  SCV  
  19  1:27  Reaper  
  19  1:28  Orbital Command  
  20  1:40  Command Center  
  20  1:47  Supply Depot  
  20  1:53  SCV  
  21  1:59  Marine  
  22  2:05  Factory  
  22  2:09  SCV  
  22  2:12  Refinery  
  23  2:21  SCV, Barracks Reactor  
  24  2:33  SCV  
  25  2:51  Orbital Command  
  25  2:53  Starport  
  25  3:05  Hellion x2  
  29  3:12  SCV  
  30  3:17  SCV  
  31  3:21  Supply Depot  
  31  3:26  Hellion x2  
  31  3:27  SCV  
  36  3:29  SCV  
  36  3:31  Barracks Tech Lab, Liberator  
  40  3:39  SCV  
  41  3:41  SCV  
  41  3:47  Hellion  
  41  3:48  Hellion  
  46  3:55  SCV x2  
  48  3:58  Supply Depot  
  48  4:15  Command Center  
  48  4:20  SCV x2  
  48  4:21  Stimpack  
  48  4:23  Starport Reactor  
  50  4:30  Factory Tech Lab  
  50  4:31  Barracks  
  50  4:32  SCV x2  
  50  4:35  Barracks  
  52  4:44  SCV  
  53  4:46  Engineering Bay  
  53  4:48  Engineering Bay  
  53  4:50  SCV  
  54  4:56  Siege Tank  
  54  4:59  SCV  
  58  5:05  SCV  
  59  5:11  SCV  
  59  5:12  Starport Reactor  
  59  5:13  Refinery  
  60  5:14  Refinery  
  60  5:17  SCV  
  60  5:19  Supply Depot  
  61  5:27  Terran Infantry Weapons Level 1, Terran Infantry Armor Level 1  
  61  5:32  SCV x2  
  63  5:37  Barracks  
  63  5:38  Barracks  
  63  5:41  Marine, Siege Tank  
  67  5:44  Marine  
  67  5:45  Marine x3  
  71  6:01  SCV x2, Combat Shield  
  73  6:09  Supply Depot  
  73  6:13  Marine x4, Siege Tank  
  73  6:14  Marine  
  81  6:23  SCV x2  
  83  6:28  Supply Depot  
  83  6:29  Medivac  
  83  6:30  Medivac  
Tags
 
Add a new tag
Caveats
  • Supply blocks, unpowered buildings, or Contaminate may cause inaccurate times.
  • Supply counts are checked every 10 seconds.